 Dungeon Sprint DCSS version 0.16-a0-3962-g290d66c (webtiles) character file.

90 Fv001 the Summoner (level 4, -6/19 HPs)
             Began as a Felid Summoner on Feb 10, 2015.
             Mangled by a hill giant
             ... wielding a +0 giant spiked club
              (25 damage)
             ... in the Dungeon (Sprint IX: "|||||||||||||||||||||||||||||").
             The game lasted 00:04:17 (645 turns).

Fv001 the Summoner (Felid Summoner)                  Turns: 645, Time: 00:04:17

Health: -6/19      AC:  1    Str:  5    XL:     4   Next: 32%
Magic:  0/16       EV: 20    Int: 17    God:
Gold:   20         SH:  0    Dex: 16    Spells: 4 memorised, 2 levels left
                                        Lives:  0   Deaths: 1

rFire  . . .     SeeInvis +       - Unarmed
rCold  . . .     Clarity  .     (armour unavailable)
rNeg   . . .     SustAb   .     (shield unavailable)
rPois  .         Gourm    .     (helmet unavailable)
rElec  .         Spirit   .     (cloak unavailable)
rCorr  .         Warding  .     (gloves unavailable)
rMut   .         NoTele   +     (boots unavailable)
MR     .....                    (no amulet)
Stlth  ++++......               (no ring)
                                (no ring)

@: very slightly contaminated, quick, not resistant to hostile enchantments,
stealthy
A: paw claws, no armour, no weapons or thrown items, fangs 3, see invisible,
carnivore 3, speed 1, shaggy fur 1, slow metabolism 1, sharp paws
a: no special abilities


You were in the Dungeon.
You were not hungry.

You visited 1 branch You collected 20 gold pieces.

Inventory:

Scrolls
 i - 2 scrolls of blinking
 k - a scroll of identify
 l - a scroll of recharging
 m - a scroll of fear
Potions
 a - a potion of restore abilities
 d - 2 potions of curing
 e - a potion of heal wounds
 f - 3 potions of haste
 g - 2 potions of magic
 h - 2 potions of might
 j - a potion of berserk rage
Books
 b - a book of Callings

   Spells                             Type                      Level
   a - Summon Small Mammal            Summoning                    1
   b - Call Imp                       Summoning                    2
   c - Call Canine Familiar           Summoning                    3
   d - Summon Guardian Golem          Hexes/Summoning              4
   e - Summon Lightning Spire         Summoning/Air                4
   f - Summon Ice Beast               Ice/Summoning                4
Comestibles
 c - a meat ration


   Skills:
 + Level 1.3 Fighting
 + Level 4.8 Dodging
 + Level 5.8 Stealth
 + Level 2.2 Unarmed Combat
 + Level 5.0 Spellcasting
 + Level 8.8 Summonings


You had 2 spell levels left.
You knew the following spells:

 Your Spells              Type           Power        Failure   Level  Hunger
a - Summon Small Mammal   Summ           ####         1%          1    None
b - Call Imp              Summ           ####....     1%          2    #......
c - Summon Guardian Gole  Hex/Summ       ###.....     24%         4    ####...
d - Summon Lightning Spi  Summ/Air       ###.....     24%         4    ####...


Dungeon Overview and Level Annotations

Branches:
Dungeon (1/1)

Altars:


Innate Abilities, Weirdness & Mutations

You cannot wear armour.
You are incapable of wielding weapons or throwing items.
You have razor-sharp teeth.
You have supernaturally acute eyesight.
You are carnivorous and can eat meat at any time.
You cover ground quickly.
You are covered in fur (AC +1).
You have a slow metabolism.
Your paws have sharp claws that are effective at stabbing.


Message History

The hill giant hits your quokka with a giant spiked club!!
Your quokka dies!
Your quokka's corpse disappears in a puff of smoke!
Casting: Summon Small Mammal
Confirm with . or Enter, or press ? or * to list all spells.
The hill giant hits your rat with a giant spiked club!!
Your rat dies!
Your rat's corpse disappears in a puff of smoke!
You scratch the hill giant.
The hill giant begins to bleed from its wounds!
The hill giant is moderately wounded.
The hill giant barely misses you.
You scratch the hill giant but do no damage.
The hill giant is moderately wounded.
You scratch the hill giant but do no damage.
Your bite misses the hill giant.
The hill giant is moderately wounded.
The hill giant hits you with a giant spiked club!!
Ouch! That really hurt!
You die...

▓▓▓▓▓▓▓▓▓▓▓▓▓▓▓▓▓▓▓
+.....'.....c†(..<▓
▓▓▓▓▓▓▓▓▓▓▓▓▓▓▓▓▓▓▓▓▓▓▓▓▓▓▓▓▓
......T....T.C..............▓
▓▓▓▓▓▓▓▓▓▓▓▓▓▓▓▓▓▓▓▓▓▓▓▓▓▓▓.▓
+.?....[..@CT.'.......▓
▓▓▓▓▓▓▓▓▓▓▓▓▓▓▓▓▓▓▓▓▓▓▓


You could see a hill giant (bleeding) and a troll.

Vanquished Creatures
  An ogre (D)
  A scorpion (D)
  A jelly (D)
  An orc (D)
  A giant cockroach (D)
  A hobgoblin (D)
  A jackal (D)
7 creatures vanquished.

Vanquished Creatures (collateral kills)
  A giant cockroach (D)
  A bat (D)
2 creatures vanquished.

Vanquished Creatures (others)
  3 guardian golems (D)
  2 lightning spires (D)
  A shadow imp (D)
  5 quokkas (D)
  6 bats (D)
  2 rats (D)
19 creatures vanquished.

Grand Total: 28 creatures vanquished

Notes
Turn   | Place    | Note
--------------------------------------------------------------
     0 | D        | Fv001, the Felid Summoner, began the quest for the Orb.
     0 | D        | Reached XP level 1. HP: 7/7 MP: 4/4
   215 | D        | Noticed a centaur
   215 | D        | Noticed a jelly
   215 | D        | Noticed an ogre
   215 | D        | Noticed a scorpion
   327 | D        | Killed a scorpion
   327 | D        | Reached skill level 1 in Unarmed Combat
   327 | D        | Reached skill level 6 in Summonings
   327 | D        | Reached XP level 2. HP: 11/11 MP: 0/7
   327 | D        | Reached XP level 3. HP: 14/14 MP: 0/10
   335 | D        | Killed an ogre
   335 | D        | Reached skill level 1 in Fighting
   335 | D        | Reached skill level 5 in Stealth
   335 | D        | Reached skill level 8 in Summonings
   335 | D        | Reached XP level 4. HP: 19/19 MP: 1/15
   335 | D        | Reached XP level 5. HP: 22/22 MP: 1/17
   339 | D        | Killed a jelly
   339 | D        | Reached skill level 5 in Spellcasting
   343 | D        | Mangled by a centaur
   344 | D        | Reached XP level 4. HP: -7/19 MP: 1/16
   416 | D        | Noticed a hill giant
   416 | D        | Noticed a troll
   416 | D        | Noticed a komodo dragon
   416 | D        | Noticed a six-headed hydra
   416 | D        | Noticed a troll
   460 | D        | Learned a level 2 spell: Call Imp
   465 | D        | Learned a level 4 spell: Summon Guardian Golem
   625 | D        | Learned a level 4 spell: Summon Lightning Spire
   645 | D        | Mangled by a hill giant

Action                   |  1- 3 |  4- 6 || total
-------------------------+-------+-------++-------
Melee: Unarmed           |    21 |    11 ||    32
 Cast: Summon Small Mamm |    14 |     5 ||    19
       Summon Guardian G |       |     3 ||     3
       Summon Lightning  |       |     2 ||     2
       Call Imp          |       |     1 ||     1
  Use: Potion            |     1 |       ||     1
 Stab: Sleeping          |     2 |       ||     2
  Eat: Chunk             |     5 |       ||     5
